 Dungeon Crawl Stone Soup version 0.27-a0-984-g00e00afbbc (console) character file.

Game seed: 7499792000338793330

101 Banquo the Chopper (level 4, -3/49 HPs)
             Began as a Djinni Gladiator on Apr 15, 2021.
             Slain by a white imp (7 damage)
             ... summoned by Natasha
             ... on level 2 of the Dungeon.
             The game lasted 00:06:08 (2348 turns).

Banquo the Chopper (Djinni Gladiator)               Turns: 2348, Time: 00:06:12

Health: -3/49      AC:  7    Str: 13    XL:     4   Next: 75%
Gold:   44         EV: 12    Int: 10    God:
                   SH:  0    Dex: 15

rFire    + + .     SeeInvis .   a - +0 war axe
rCold    x . .     Faith    .   (no shield)
rNeg     . . .     Spirit   .   d - +0 leather armour
rPois    ∞         Reflect  .   h - +0 helmet
rElec    .         Harm     .   e - +2 cloak {rPois}
rCorr    .         Rampage  .   (no gloves)
Will     .....                  (boots unavailable)
Stlth    ..........             (no amulet)
HPRegen  0.16/turn              (no ring)
MPRegen  0.00/turn              (no ring)

@: berserking, flying, very quick
A: fire resistance 2, cold vulnerability 1, float, innate caster, hp casting,
extra vitality 1
a: no special abilities


You were on level 2 of the Dungeon.
You visited 1 branch of the dungeon, and saw 2 of its levels.

You collected 44 gold pieces.

Inventory:

Hand Weapons
 a - a +0 war axe (weapon)
 p - a +2 antimagic dagger
 r - a +3 mace
Missiles
 b - 3 throwing nets (quivered)
 c - 46 sling bullets
 f - 35 stones
Armour
 d - a +0 leather armour (worn)
 e - a +2 cloak of poison resistance (worn)
 h - a +0 helmet (worn)
 k - a +0 robe
Jewellery
 o - a ring of protection from cold
Scrolls
 g - a scroll of vulnerability {unknown}
 l - 3 scrolls of identify {unknown}
 m - 2 scrolls of enchant armour {unknown}
 q - a scroll of fear {unknown}
Potions
 j - a potion of ambrosia {unknown}
 n - a potion of lignification {unknown}
 s - a potion of magic {unknown}


   Skills:
 - Level 2.0 Fighting
 * Level 4.3 Axes
 - Level 1.5 Throwing
 - Level 3.2 Dodging
 * Level 0.4 Spellcasting


You had 2 spell levels left.
You knew the following spells:

 Your Spells              Type           Power      Damage    Failure   Level
a - Summon Small Mammal   Summ           4%         N/A       36%         1
Your spell library was empty.

Dungeon Overview and Level Annotations

Branches:
Dungeon (2/15)

Altars:

Annotations:
D:2 Natasha


Innate Abilities, Weirdness & Mutations

You are immune to poison.
Your flesh is very heat resistant. (rF++)
You are vulnerable to cold. (rC-)
You float through the air rather than walking.
You learn spells naturally, not from books.
Your magical power is your life essence.
You have superior vitality. (+4 HP)


Message History

Natasha moves out of view.
Unknown command.
Unknown command.
Natasha hisses angrily.
Natasha zaps a wand.
Some rock shatters into small pieces.
Casting: Summon Small Mammal (safe; 36% risk of failure)
Confirm with . or Enter, or press ? or * to list all spells.
Your bat disappears in a puff of smoke!
Your rat barely misses Natasha.
You miss Natasha. Natasha claws you.
Your rat closely misses Natasha.
Casting: Summon Small Mammal (safe; 36% risk of failure)
Confirm with . or Enter, or press ? or * to list all spells.
Natasha barely misses you.
Your rat bites Natasha.
You barely miss Natasha.
Natasha is lightly wounded.
Natasha claws you but does no damage.
Your rat closely misses Natasha.
Your rat bites Natasha.
Natasha mumbles some strange words.
You slash Natasha!
Natasha is severely wounded.
Your rat bites Natasha but does no damage.
Your rat bites Natasha.
Natasha claws you.
You completely miss Natasha.
Natasha is severely wounded.
You hit the white imp but do no damage.
Your rat bites Natasha. x2
Natasha claws your rat!
Your rat dies!
Your rat's corpse disappears in a puff of smoke!
The white imp gestures at you. The puff of frost hits you!
You feel a terrible chill!
* * * LOW HITPOINT WARNING * * *
Natasha hisses angrily.
It was a potion of berserk rage.
A red film seems to cover your vision as you go berserk!
You feel yourself moving faster!
You feel mighty!
Your rat barely misses Natasha.
Natasha closely misses you. The white imp hits you.
* * * LOW HITPOINT WARNING * * *
The white imp freezes you!
You feel a terrible chill!
You die...

.... ##.. #. ##..# #.
#..†# ##'## #.#..# ##
##...##
#..####.#####.....##
#.........##.......##
#......§..#.........###
#.#...@h............'..
#.##...5r...........###
##......).#........##
#.###.##.#.#.....## #.
#....# ##...## # #.##.#
##'## #.###.##.# #.#
#........#.# #.#
#####......###.## ####


You could see Natasha (ally target), a white imp (summoned) and a friendly rat
(summoned).

Vanquished Creatures
  Natasha (D:2)
  4 adders (D:2)
  3 dart slugs
  3 bats (D:2)
  4 endoplasms
  3 giant cockroaches
  4 goblins (D:2)
  A hobgoblin (D:1)
  3 jackals (D:1)
  3 kobolds
  A quokka (D:2)
  2 ball pythons (D:1)
  3 frilled lizards
  A rat (D:2)
36 creatures vanquished.

Notes
Turn   | Place    | Note
-------+----------+-------------------------------------------
     0 | D:1      | Banquo the Djinni Gladiator began the quest for the Orb.
     0 | D:1      | Reached XP level 1. HP: 18/18 MP: 0/0
   217 | D:1      | Reached XP level 2. HP: 22/23 MP: 0/0
   392 | D:1      | Reached skill level 3 in Axes
   865 | D:2      | Reached XP level 3. HP: 10/28 MP: 0/0
   865 | D:2      | Learned a level 1 spell: Summon Small Mammal
  1314 | D:2      | Reached XP level 4. HP: 24/33 MP: 0/0
  1564 | D:2      | Reached skill level 4 in Axes
  1665 | D:2      | Noticed a sky beast
  2297 | D:2      | Noticed Natasha
  2314 | D:2      | Killed Natasha
  2338 | D:2      | Noticed Natasha
  2348 | D:2      | Slain by a white imp

Illustrated notes

Levels and vault maps discovered:
D:1:      lordsloth_arrival_two_stooges, layout_rooms
D:2:      layout_loops_corners, uniq_natasha

Skill      XL: |  1  2  3  4 |
---------------+-------------+-----
Axes           | 3 4 |  4.3
Fighting       | |  2.0
Throwing       | |  1.5
Dodging        | |  3.2
Spellcasting   | |  0.4

Action                   |  1- 3 |  4- 6 || total
-------------------------+-------+-------++-------
Melee: War axe           |    84 |    53 ||   137
 Cast: Summon Small Mamm |       |     6 ||     6
  Use: Potion            |       |     1 ||     1
 Stab: Sleeping          |     1 |       ||     1
Armor: Leather armour    |    27 |    17 ||    44
Dodge: Dodged            |    68 |    37 ||   105

Table legend: (Time is in decaauts)
 A = Elapsed time spent in this place.
 B = Non-inter-level travel time spent in this place.
 C = Inter-level travel time spent in this place.
 D = Time resting spent in this place.
 E = Time spent auto-exploring this place.
 F = Levels seen in this place.
 G = Mean time per level.
                   A        B        C        D        E       F      G
               +--------+--------+--------+--------+--------+-----+--------+
         Total |   2403 |   2248 |    155 |    483 |   1260 |   2 | 1201.5 |
       Dungeon |   2403 |   2248 |    155 |    483 |   1260 |   2 | 1201.5 |
               +--------+--------+--------+--------+--------+-----+--------+

Top non-repeatable levels by time:
     D:1: 1265 daAuts
     D:2: 1137 daAuts
